 Dungeon Crawl Stone Soup version 0.31-a0-435-g2c6fae2916 (webtiles) character file.

Game seed: 5112475654383836113

2256 cforsyth the Charlatan (level 9, -5/68 HPs)
             Began as a Gnoll Artificer on Aug 1, 2023.
             Killed from afar by Maggie (25 damage)
             ... with a bolt of fire
             ... on level 6 of the Dungeon.
             The game lasted 00:16:37 (8354 turns).

cforsyth the Charlatan (Gnoll Artificer)            Turns: 8354, Time: 00:16:37

Health: -5/68      AC:  9    Str: 12    XL:     9   Next: 37%
Magic:  15/15      EV: 11    Int: 21    God:
Gold:   374        SH:  9    Dex: 12    Spells: 16/16 levels left

rFire   . . .        l - +4 spear
rCold   . . .        L - +0 kite shield
rNeg    + + .        F - +3 leather armour "Jiuvviere" {rElec rN++}
rPois   .            (no helmet)
rElec   +            G - +0 cloak
rCorr   .            (no gloves)
SInv    .            m - +0 pair of boots
Will    .....        (no amulet)
Stlth   ++           g - +6 ring of intelligence
HPRegen 0.31/turn    (no ring)
MPRegen 0.14/turn

%: no passive effects
@: mesmerised
A: fangs 1, strong nose, distributed training
a: no special abilities


You were on level 6 of the Dungeon.
You visited 1 branch of the dungeon, and saw 6 of its levels.
You also visited: Sewer and Ossuary.

You collected 507 gold pieces.
You spent 133 gold pieces at shops.

Inventory:

Hand Weapons
 l - a +4 spear (weapon)
 s - a +0 whip of electrocution
 x - a +0 short sword of freezing
 y - a +0 sling of freezing
 H - a +0 whip of flaming
Armour
 m - a +0 pair of boots (worn)
 F - the +3 leather armour "Jiuvviere" (worn) {rElec rN++}
   (You bought it in a shop on level 4 of the Dungeon)

   rElec:     It insulates you from electricity.
   rN:        It greatly protects you from negative energy.
 G - a +0 cloak (worn)
 L - a +0 kite shield (worn)
Jewellery
 g - a +6 ring of intelligence (left hand)
Wands
 d - a wand of charming (15)
 J - a wand of flame (4)
Scrolls
 a - a scroll of torment
 b - a scroll of revelation {unknown}
 c - a scroll of blinking
 e - 2 scrolls of identify
 h - 4 scrolls of teleportation
 i - a scroll of silence
 k - 3 scrolls of butterflies
 o - a scroll of vulnerability
 r - 2 scrolls of amnesia {unknown}
 u - a scroll of enchant armour {unknown}
 C - a scroll of noise {unknown}
 D - a scroll of poison {unknown}
 K - a scroll of enchant weapon {unknown}
Potions
 f - 4 potions of might
 j - a potion of mutation {unknown}
 n - 3 potions of enlightenment
 p - a potion of attraction {unknown}
 q - 2 potions of resistance
 t - a potion of haste {unknown}
 v - 3 potions of heal wounds
 w - 2 potions of invisibility {unknown}
 z - 2 potions of cancellation
 A - 6 potions of curing
 B - a potion of degeneration {unknown}
 E - a potion of brilliance {unknown}
 I - 2 potions of magic {unknown}


   Skills:
 + Level 5.0 Fighting
 + Level 4.2 Short Blades
 + Level 4.2 Long Blades
 + Level 4.2 Axes
 + Level 4.2 Maces & Flails
 + Level 4.2 Polearms
 + Level 4.2 Staves
 + Level 4.2 Ranged Weapons
 + Level 4.2 Throwing
 + Level 6.3 Armour
 + Level 5.0 Dodging
 + Level 4.9 Stealth
 + Level 4.2 Shields
 + Level 4.2 Unarmed Combat
 + Level 4.2 Spellcasting
 + Level 3.5 Conjurations
 + Level 3.5 Hexes
 + Level 3.5 Summonings
 + Level 3.5 Necromancy
 + Level 3.5 Translocations
 + Level 3.5 Transmutations
 + Level 3.5 Fire Magic
 + Level 3.5 Ice Magic
 + Level 3.5 Air Magic
 + Level 3.5 Earth Magic
 + Level 3.5 Poison Magic
 + Level 4.7 Invocations
 + Level 7.9 Evocations
 + Level 3.5 Shapeshifting


You had 16 spell levels left.
You didn't know any spells.
Your spell library contained the following spells:

 Spells                   Type           Power      Damage    Failure   Level
 Magic Dart               Conj           76%        1d6       12%         1
 Searing Ray              Conj           38%        2d5       19%         2
 Static Discharge         Conj/Air       38%        2-4/arc   19%         2
 Airstrike                Air            9%         2d(2-18)  77%         4
 Fulminant Prism          Conj/Hex       9%         3d6       77%         4
 Summon Lightning Spire   Summ/Air       19%        N/A       77%         4


Dungeon Overview and Level Annotations

Branches:
Dungeon (6/15)              Sewer (visited)         Ossuary (visited)
 Temple: D:4-7

Altars:
Gozag
Uskayaw
Vehumet
Wu Jian
Zin

Shops:
D:4 [

Annotations:
D:6 Maggie


Innate Abilities, Weirdness & Mutations

You have very sharp teeth.
Your uncanny sense of smell can sniff out nearby items.
Your experience applies equally to all skills.


Message History

You are too injured to fight recklessly!
You are too injured to fight recklessly!
You are too injured to fight recklessly!
You are too injured to fight recklessly!
You are too injured to fight recklessly!
You are too injured to fight recklessly!
Aiming: Throw Flame
Press: ? - help, Shift-Dir - straight line, f/p - Maggie
Aim: Maggie, wielding a +2 war axe of flaming and wearing +0 steam dragon scales (moderately wounded, 76% to hit)
The puff of flame hits Maggie!
Maggie is heavily wounded.
Maggie closely misses you.
Aiming: Throw Flame
Press: ? - help, Shift-Dir - straight line, f/p - Maggie
Aim: Maggie, wielding a +2 war axe of flaming and wearing +0 steam dragon scales (heavily wounded, 76% to hit)
The puff of flame hits Maggie!
Maggie is severely wounded.
Maggie casts a spell at you. The bolt of fire hits you.
* * * LOW HITPOINT WARNING * * *
Aiming: Throw Flame
Press: ? - help, Shift-Dir - straight line, f/p - Maggie
Aim: Maggie, wielding a +2 war axe of flaming and wearing +0 steam dragon scales (severely wounded, 76% to hit)
The puff of flame hits Maggie.
Maggie is severely wounded.
Maggie gestures wildly while chanting.
Maggie attempts to bespell you!
You are mesmerised by Maggie!
Aiming: Throw Flame
Press: ? - help, Shift-Dir - straight line, f/p - Maggie
Aim: Maggie, wielding a +2 war axe of flaming and wearing +0 steam dragon scales (severely wounded, mesmerising, 76% to hit)
The puff of flame misses Maggie.
You block Maggie's attack.
Aiming: Throw Flame
Press: ? - help, Shift-Dir - straight line, f/p - Maggie
Aim: Maggie, wielding a +2 war axe of flaming and wearing +0 steam dragon scales (severely wounded, mesmerising, 76% to hit)
The puff of flame hits Maggie.
Maggie is severely wounded.
Maggie gestures at you while chanting. The bolt of fire hits you!!
You die...

#..# ##.# #.# #.#
#####
##.###...######
#............$##
#.##...........###
#. #.............#
#. #......@....#
#. ###...##@>.##
#. #...# #.## #.
##### .# #. #


You could see Maggie (mesmerising).

Vanquished Creatures
  Pikel (D:5)
  Prince Ribbit (D:5)
  A shadow (D:5)
  A wyvern (D:5)
  Edmund (D:5)
  An ice beast (D:4)
  A sky beast (D:5)
  A black bear (D:4)
  An ogre (D:5)
  4 lemures
  A phantom (D:5)
  A bullfrog (Sewer)
  2 hounds (D:4)
  Crazy Yiuf (D:4)
  An orc priest (D:5)
  A jelly (D:3)
  Terence (D:3)
  2 sleepcaps
  An iguana (D:4)
  3 orc wizards
  8 mummies (Ossuary)
  A river rat (D:5)
  11 adders
  2 ufetubi (D:5)
  2 worms (D:3)
  3 dart slugs
  9 orcs
  12 ball pythons
  3 bats
  21 endoplasms
  15 giant cockroaches
  6 goblins
  8 hobgoblins
  7 jackals
  10 kobolds
  12 quokkas (Sewer)
  10 frilled lizards
  3 hobgoblin zombies (Ossuary)
  4 kobold zombies (Ossuary)
  An orc zombie (Ossuary)
  5 rats
180 creatures vanquished.

Notes
Turn   | Place    | Note
-------+----------+-------------------------------------------
     0 | D:1      | cforsyth the Gnoll Artificer began the quest for the Orb.
     0 | D:1      | Reached XP level 1. HP: 17/17 MP: 1/1
   292 | D:1      | Reached XP level 2. HP: 15/23 MP: 2/2
  1095 | D:2      | Reached XP level 3. HP: 20/28 MP: 3/3
  1199 | D:2      | Reached skill level 1 in Invocations
  1379 | D:2      | Reached skill level 1 in Short Blades
  1379 | D:2      | Reached skill level 1 in Long Blades
  1379 | D:2      | Reached skill level 1 in Axes
  1379 | D:2      | Reached skill level 1 in Maces & Flails
  1379 | D:2      | Reached skill level 1 in Polearms
  1379 | D:2      | Reached skill level 1 in Staves
  1379 | D:2      | Reached skill level 1 in Ranged Weapons
  1379 | D:2      | Reached skill level 1 in Throwing
  1379 | D:2      | Reached skill level 1 in Shields
  1379 | D:2      | Reached skill level 1 in Unarmed Combat
  1379 | D:2      | Reached skill level 1 in Spellcasting
  1629 | D:2      | Reached XP level 4. HP: 30/34 MP: 5/5
  2005 | D:3      | Found a hide-covered altar of Uskayaw.
  2100 | D:3      | Reached skill level 1 in Conjurations
  2100 | D:3      | Reached skill level 1 in Hexes
  2100 | D:3      | Reached skill level 1 in Summonings
  2100 | D:3      | Reached skill level 1 in Necromancy
  2100 | D:3      | Reached skill level 1 in Translocations
  2100 | D:3      | Reached skill level 1 in Transmutations
  2100 | D:3      | Reached skill level 1 in Fire Magic
  2100 | D:3      | Reached skill level 1 in Ice Magic
  2100 | D:3      | Reached skill level 1 in Air Magic
  2100 | D:3      | Reached skill level 1 in Earth Magic
  2100 | D:3      | Reached skill level 1 in Poison Magic
  2100 | D:3      | Reached skill level 1 in Shapeshifting
  2224 | D:3      | Noticed Terence
  2231 | D:3      | Killed Terence
  2232 | D:3      | Reached XP level 5. HP: 36/40 MP: 5/7
  2690 | D:4      | Noticed a black bear
  2692 | D:4      | Found Kuges's Antique Armour Emporium.
  2702 | D:4      | Killed a black bear
  2703 | D:4      | Reached XP level 6. HP: 12/47 MP: 8/8
  2732 | D:4      | Found a sand-covered staircase.
  2737 | Ossuary  | Entered an ossuary
  2780 | Ossuary  | Reached skill level 5 in Armour
  3569 | D:4      | Bought a transparent leather armour for 133 gold pieces
  3569 | D:4      | Identified the +3 leather armour "Jiuvviere" {rElec rN++}
                  | (You bought it in a shop on level 4 of the Dungeon)
  3780 | D:4      | Found an ornate altar of the Wu Jian Council.
  3780 | D:4      | Found a radiant altar of Vehumet.
  3780 | D:4      | Found a glowing silver altar of Zin.
  3780 | D:4      | Found an opulent altar of Gozag.
  3809 | D:4      | Reached XP level 7. HP: 34/52 MP: 10/10
  3903 | D:4      | Reached skill level 7 in Evocations
  3951 | D:4      | Found a runed translucent door.
  3952 | D:4      | Noticed Crazy Yiuf
  4274 | D:5      | Entered Level 5 of the Dungeon
  4374 | D:5      | Found a glowing drain.
  4400 | Sewer    | Entered a sewer
  5295 | D:5      | Reached XP level 8. HP: 58/60 MP: 12/12
  5372 | D:5      | Noticed Prince Ribbit
  5446 | D:5      | Killed Prince Ribbit
  5643 | D:5      | Noticed a wyvern
  5653 | D:5      | Killed a wyvern
  5999 | D:5      | Noticed Pikel
  6438 | D:5      | Noticed Edmund
  6468 | D:5      | Killed Edmund
  6705 | D:4      | Killed Crazy Yiuf
  7249 | D:5      | Killed Pikel
  7250 | D:5      | Reached XP level 9. HP: 13/67 MP: 13/15
  7515 | D:5      | Reached skill level 5 in Fighting
  7515 | D:5      | Reached skill level 5 in Dodging
  8338 | D:6      | Noticed Maggie
  8354 | D:6      | Killed from afar by Maggie

Illustrated notes

Levels and vault maps discovered:
D:1:      nagdon_arrival_double_spiral, layout_basic, minivault_4
D:2:      layout_rooms
D:3:      layout_basic, lemuel_crystal_altar, uniq_terence
D:4:      layout_basic, grunt_temple_overflow_cloverleaf, enter_ossuary_5,
          serial_shops, shop, uniq_crazy_yiuf_cottage
D:5:      layout_gridville, portal_sewer_entry_a, uniq_prince_ribbit1,
          uniq_edmund, uniq_pikel
D:6:      layout_loops_ring, mainiacjoe_overflow_small_starburst,
          temple_statues, uniq_maggie

Skill      XL: |  1  2  3  4  5  6  7  8  9 |
---------------+----------------------------+-----
Invocations    | 1 2 3 4 |  4.7
Short Blades   | 1 2 4 |  4.2
Long Blades    | 1 2 4 |  4.2
Axes           | 1 2 4 |  4.2
Maces & Flails | 1 2 4 |  4.2
Polearms       | 1 2 4 |  4.2
Staves         | 1 2 4 |  4.2
Ranged Weapons | 1 2 4 |  4.2
Throwing       | 1 2 4 |  4.2
Shields        | 1 2 4 |  4.2
Unarmed Combat | 1 2 4 |  4.2
Spellcasting   | 1 2 4 |  4.2
Conjurations   | 1 2 3 |  3.5
Hexes          | 1 2 3 |  3.5
Summonings     | 1 2 3 |  3.5
Necromancy     | 1 2 3 |  3.5
Translocations | 1 2 3 |  3.5
Transmutations | 1 2 3 |  3.5
Fire Magic     | 1 2 3 |  3.5
Ice Magic      | 1 2 3 |  3.5
Air Magic      | 1 2 3 |  3.5
Earth Magic    | 1 2 3 |  3.5
Poison Magic   | 1 2 3 |  3.5
Shapeshifting  | 1 2 3 |  3.5
Fighting       | 3 4 5 |  5.0
Dodging        | 3 4 5 |  5.0
Stealth        | 3 4 |  4.9
Armour         | 5 6 |  6.3
Evocations     | 7 |  7.9

Action                     |  1- 3 |  4- 6 |  7- 9 || total
---------------------------+-------+-------+-------++-------
  Melee: Club              |   159 |     2 |       ||   161
         Bite              |    18 |    27 |    61 ||   106
         Punch             |     2 |     3 |    16 ||    21
         Whip              |       |   210 |   363 ||   573
         Spear             |       |       |   181 ||   181
  Evoke: Wand              |     5 |     9 |    18 ||    32
    Use: Scroll            |       |       |    12 ||    12
   Stab: Sleeping          |     6 |     4 |     9 ||    19
         Distracted        |       |     1 |       ||     1
 Armour: Leather armour    |    49 |    62 |   192 ||   303
  Dodge: Dodged            |   106 |   113 |   372 ||   591
  Block: Kite shield       |       |       |     2 ||     2

Table legend: (Time is in decaauts)
 A = Elapsed time spent in this place.
 B = Non-inter-level travel time spent in this place.
 C = Inter-level travel time spent in this place.
 D = Time resting spent in this place.
 E = Time spent auto-exploring this place.
 F = Levels seen in this place.
 G = Mean time per level.
                   A        B        C        D        E       F      G
               +--------+--------+--------+--------+--------+-----+--------+
         Total |   8438 |   8134 |    304 |    931 |   5008 |   8 | 1054.8 |
       Dungeon |   6720 |   6416 |    304 |    580 |   4302 |   6 | 1120.0 |
         Sewer |    925 |    925 |      0 |    227 |    325 |   1 |  925.0 |
       Ossuary |    792 |    792 |      0 |    124 |    381 |   1 |  792.0 |
               +--------+--------+--------+--------+--------+-----+--------+

Top non-repeatable levels by time:
     D:5: 2277 daAuts
     D:4: 1644 daAuts
     D:1: 1025 daAuts
   Sewer: 925 daAuts
     D:3: 857 daAuts
 Ossuary: 792 daAuts
     D:2: 740 daAuts
     D:6: 175 daAuts
